Map: Pillars of Gold LE

Players

HeroMarine

  • Race: Terran Terran
  • Spawn Location: 1:00

Reynor - Winner!

  • Race: Zerg Zerg
  • Spawn Location: 7:00

Event: War Chest Team League

VOD

Have the link to the VOD?

Description

Time

  • Played on: Aug. 16, 2020, 7:22 a.m.
  • Length: 13:37
Show
View Real Time Build Order
Export as new Build Order

HeroMarine Terran 

Build Orders: Reaper Expand, Hellion Banshee 

Get SALT Encoding   

  12  0:00  SCV  
  13  0:12  SCV  
  14  0:18  Supply Depot  
  14  0:24  SCV  
  15  0:39  SCV  
  15  0:41  Barracks  
  16  0:45  Refinery  
  16  0:51  SCV  
  17  1:03  SCV  
  18  1:16  SCV  
  19  1:28  Reaper, Orbital Command  
  20  1:43  Command Center  
  20  1:53  SCV, Supply Depot  
  21  2:00  Marine  
  22  2:06  SCV  
  23  2:10  Factory  
  23  2:18  SCV  
  23  2:20  Refinery  
  23  2:22  Barracks Reactor  
  24  2:30  SCV  
  25  2:42  SCV  
  26  2:54  SCV  
  26  2:55  Orbital Command  
  26  2:56  Starport  
  27  3:04  Hellion  
  31  3:06  Hellion, Barracks Tech Lab  
  31  3:09  SCV  
  32  3:21  SCV  
  32  3:22  SCV  
  32  3:25  Hellion  
  38  3:27  Hellion  
  38  3:30  Supply Depot  
  39  3:34  SCV x2  
  39  3:39  Banshee  
  43  3:41  Cloaking Field  
  43  3:46  SCV x2  
  45  3:51  Hellion  
  45  3:53  Hellion  
  49  3:58  Supply Depot  
  49  4:02  SCV x2  
  51  4:03  Barracks Tech Lab  
  51  4:14  SCV x2  
  51  4:15  Supply Depot  
  53  4:20  Hellion x2  
  53  4:23  Banshee  
  60  4:27  SCV x2  
  62  4:35  Command Center  
  62  4:44  Hellion x2  
  66  4:48  Armory  
  66  4:51  SCV, Supply Depot  
  66  4:52  SCV  
  68  4:59  Stimpack  
  70  5:09  Hellion  
  70  5:10  Supply Depot  
  70  5:12  SCV, Banshee  
  70  5:13  SCV, Hellion  
  77  5:17  Marine  
  78  5:27  SCV x2  
  78  5:28  Hellion x2  
  76  5:31  Barracks  
  76  5:35  Marine  
  76  5:39  SCV x2  
  76  5:40  Barracks  
  79  5:44  Factory Reactor  
  77  5:51  SCV  
  77  5:52  SCV  
  77  5:53  Marine  
  77  5:55  Engineering Bay  
  77  5:56  Refinery, Orbital Command  
  77  5:57  Refinery  
  78  5:58  Engineering Bay  
  78  6:03  SCV  
  78  6:04  SCV  
  71  6:07  Starport Reactor  
  71  6:11  Marine  
  67  6:14  Barracks  
  67  6:15  SCV, Barracks  
  67  6:16  SCV  
  70  6:21  Orbital Command  
  70  6:23  Terran Infantry Weapons Level 1, Terran Infantry Armor Level 1  
  70  6:27  SCV  
  70  6:28  SCV, Siege Tank  
  70  6:29  Marine  
  76  6:34  Marine  
  76  6:35  Marine  
  76  6:36  Marine x2  
  81  6:40  SCV x2, Combat Shield  
  81  6:47  Marine  
  82  6:48  SCV  
  82  6:52  SCV x2, Marine x2  
  82  6:54  Medivac x2, Marine  
  93  7:03  SCV, Supply Depot x2  
  93  7:04  SCV x2  
  93  7:06  Marine  
  93  7:08  Marine  
  100  7:10  Barracks Reactor, Marine  
  100  7:11  Barracks Reactor  
  99  7:19  Supply Depot  
  99  7:22  Supply Depot  
  101  7:23  Supply Depot  
  101  7:24  Marine x2, Siege Tank  
  101  7:27  Supply Depot  
  104  7:32  Barracks  
  104  7:34  Barracks  
  104  7:35  Barracks  
  104  7:36  Marine x3  
  107  7:38  Medivac  
  107  7:39  Medivac  
  111  7:44  Supply Depot x2  
  111  7:46  SCV  
  111  7:47  SCV  
  111  7:48  Marine x4  
  111  7:49  Marine  
  118  7:54  Marine x2  
  118  7:55  Marine x2  
  122  8:01  Siege Tank  
  125  8:05  Marine  
  125  8:06  Marine x3  
  125  8:07  Marine  
  125  8:11  SCV x3  
  125  8:12  Marine x2  
  129  8:14  Marine x2  
  124  8:20  Marine  
  124  8:23  Marine x3  
  124  8:24  Marine x3  
  131  8:27  Missile Turret  
  131  8:28  Marine  
  131  8:30  Marine x2  
  131  8:32  Marine x2  
  136  8:37  Marine  
  136  8:38  Terran Infantry Armor Level 2, Terran Infantry Weapons Level 2  
  137  8:41  Marine  
  137  8:43  Marine x2  
  138  8:51  Medivac x2  
  138  8:52  Siege Tank  
  138  8:54  Marine x4  
  149  8:56  Marine x2  
  149  8:59  Marine x2  
  149  9:00  Marine  
  149  9:01  Marine  
  155  9:07  Missile Turret  
  155  9:09  Missile Turret, Marine  
  156  9:14  Marine x5  
  161  9:20  Marine x2  
  161  9:21  Medivac  
  164  9:32  Supply Depot x2  
  164  9:34  Marine x4  
  164  9:35  Medivac, Siege Tank  
  173  9:46  Marine x2  
  173  9:47  Marine x4  
  173  9:48  Marine  
  173  9:51  Marine  
  168  9:53  Marine  
  168  9:54  Marine x2  
  168  9:59  Liberator  
  174  10:03  Marine  
  174  10:04  Marine x2, Liberator  
  174  10:05  Marine x4  
  184  10:07  Siege Tank  
  184  10:09  Marine  
  184  10:13  Marine x2  
  185  10:16  Marine  
  180  10:21  Marine  
  180  10:22  Marine x2  
  147  10:29  Marine  
  147  10:32  Marine x3  
  139  10:38  Marine x4  
  139  10:39  Marine  
  139  10:40  Marine x2  
  139  10:42  Medivac  
  142  10:47  Medivac, Marine  
  134  10:50  Marine x3  
  134  10:55  Marine  
  134  10:56  Marine x3  
  131  10:57  Marine x2  
  131  10:58  Marine  
  123  11:05  Marine  
  123  11:07  Siege Tank  
  123  11:08  Marine x3  
  125  11:12  Medivac  
  125  11:13  Marine  
  125  11:14  Marine x3  
  125  11:15  Marine x2  
  125  11:16  Marine  
  125  11:17  Medivac  
  127  11:23  Marine  
  115  11:26  Marine x3  
  115  11:31  Marine x4  
  122  11:32  Marine  
  122  11:33  Marine x2  
  122  11:39  Siege Tank  
  126  11:41  Marine  
  126  11:42  Medivac  
  126  11:43  Marine x2  
  126  11:44  Marine  
  127  11:49  Marine x4  
  127  11:50  Marine  
  127  11:51  Marine x2  
  129  11:59  Medivac, Marine  
  132  12:01  Marine x3  
  132  12:07  Marine x4  
  139  12:08  Marine  
  139  12:09  Marine x2  
  139  12:12  Medivac, Siege Tank  
  147  12:16  Marine  
  147  12:19  Marine x3  
  151  12:25  Marine x4  
  151  12:26  Marine  
  151  12:27  Marine x2  
  151  12:29  Medivac  
  160  12:34  Marine  
  161  12:37  Marine x3  
  161  12:42  Medivac, Marine  
  161  12:43  Marine x3  
  161  12:44  Marine x2, Siege Tank  
  172  12:45  Marine  
  175  12:52  Marine  
  175  12:55  Marine x3  
  179  13:00  Marine x3  
  179  13:04  Marine  
  179  13:05  Marine  
  184  13:07  Marine x2  
  184  13:10  Marine  
  171  13:12  Marine  
  171  13:13  Marine x2  
  171  13:18  Marine x3  
Show
View Real Time Build Order
Export as new Build Order

Reynor Zerg - Winner!

Build Orders: Hatch First, Muta Ling Bane 

Get SALT Encoding   

  12  0:00  Drone  
  13  0:12  Overlord  
  13  0:17  Drone  
  14  0:30  Drone  
  14  0:31  Drone  
  16  0:49  Hatchery  
  15  0:54  Drone  
  16  0:57  Drone  
  16  1:00  Drone  
  18  1:10  Extractor  
  17  1:16  Spawning Pool  
  16  1:19  Drone  
  16  1:22  Drone  
  18  1:28  Drone  
  19  1:39  Drone  
  20  1:50  Overlord  
  20  2:02  Queen x2  
  20  2:03  Zergling x4  
  26  2:10  Drone  
  26  2:12  Drone  
  28  2:21  Drone  
  29  2:23  Drone  
  30  2:32  Hatchery  
  30  2:35  Drone  
  30  2:42  Metabolic Boost  
  30  2:47  Queen  
  32  2:52  Overlord  
  32  2:54  Drone  
  32  2:57  Drone  
  34  3:00  Drone  
  34  3:01  Drone  
  36  3:14  Drone x3  
  36  3:17  Drone x3  
  42  3:24  Overlord  
  42  3:25  Queen  
  44  3:30  Overlord  
  44  3:44  Zergling x4  
  44  3:45  Drone  
  44  3:46  Queen, Drone  
  50  3:49  Drone  
  50  3:55  Drone x2  
  53  3:57  Lair  
  53  3:59  Drone x2  
  53  4:00  Zergling x2, Extractor  
  55  4:03  Drone x3  
  55  4:05  Drone  
  55  4:08  Drone  
  60  4:10  Drone  
  61  4:18  Overlord  
  61  4:21  Baneling Nest  
  60  4:26  Overlord  
  60  4:30  Overlord, Spore Crawler  
  59  4:36  Spore Crawler  
  59  4:38  Zergling x10  
  60  4:41  Drone x2  
  60  4:42  Drone  
  66  4:46  Zergling x2  
  66  4:47  Drone x3  
  66  4:48  Drone  
  66  4:52  Drone  
  72  4:55  Overseer  
  72  4:57  Drone x2  
  74  5:01  Spore Crawler, Drone x5  
  74  5:03  Drone  
  74  5:05  Overlord  
  79  5:08  Queen  
  79  5:13  Centrifical Hooks  
  81  5:16  Drone  
  81  5:18  Extractor  
  81  5:19  Extractor  
  80  5:23  Drone  
  80  5:24  Drone x3  
  80  5:26  Drone x2  
  80  5:27  Drone x2  
  80  5:28  Extractor  
  86  5:32  Zergling x8  
  90  5:39  Baneling  
  90  5:40  Baneling  
  90  5:45  Overlord  
  88  5:50  Queen  
  88  5:51  Drone x3  
  88  5:53  Zergling x4  
  88  5:55  Drone  
  88  5:56  Drone x2  
  89  6:00  Drone, Spire  
  89  6:02  Queen  
  89  6:03  Extractor  
  88  6:04  Drone  
  88  6:05  Drone  
  88  6:09  Spore Crawler  
  88  6:10  Spore Crawler  
  88  6:11  Drone  
  90  6:22  Evolution Chamber  
  90  6:23  Evolution Chamber  
  90  6:25  Hatchery, Zergling x10, Spore Crawler  
  87  6:26  Zergling x2  
  87  6:29  Zergling x2  
  94  6:32  Zergling x2  
  94  6:34  Zergling x2  
  94  6:38  Overlord  
  95  6:44  Zergling x2  
  95  6:45  Zergling x4  
  98  6:47  Overlord  
  98  6:49  Zerg Melee Weapons Level 1, Zerg Ground Armor Level 1  
  98  6:50  Zergling x2  
  98  6:51  Pneumatized Carapace  
  98  6:58  Drone x3  
  98  7:01  Zergling x2  
  102  7:05  Zergling x2  
  102  7:07  Drone  
  104  7:09  Drone x2  
  104  7:10  Drone  
  104  7:12  Baneling x4  
  104  7:13  Drone x2  
  104  7:14  Drone  
  110  7:15  Overlord  
  110  7:20  Zergling x2  
  110  7:21  Zergling x6  
  113  7:24  Zergling x2  
  113  7:27  Zerg Flyer Weapons Level 1  
  113  7:28  Baneling x5  
  114  7:35  Mutalisk x3  
  120  7:38  Mutalisk  
  120  7:40  Mutalisk x2, Queen  
  120  7:44  Overlord x4  
  128  7:47  Baneling x2  
  128  7:48  Baneling x2  
  128  7:55  Spore Crawler  
  127  8:01  Overlord  
  124  8:11  Mutalisk x2  
  124  8:12  Mutalisk x4  
  129  8:14  Hatchery, Zergling x22  
  137  8:21  Mutalisk  
  137  8:22  Extractor  
  137  8:23  Mutalisk  
  140  8:27  Drone x5  
  145  8:36  Baneling x6  
  145  8:37  Zergling x8  
  149  8:45  Zergling x10  
  149  8:47  Overlord  
  154  8:49  Zergling x6  
  154  8:50  Zergling x6  
  160  8:59  Overlord x3  
  160  9:04  Hatchery, Zerg Ground Armor Level 2, Zerg Melee Weapons Level 2  
  160  9:08  Zergling x16  
  167  9:12  Overlord  
  167  9:14  Mutalisk  
  168  9:19  Zergling x2  
  168  9:20  Zergling x6  
  168  9:22  Zergling x4  
  169  9:27  Baneling x8  
  169  9:28  Zergling x4  
  169  9:31  Mutalisk x3  
  159  9:35  Zergling x2  
  167  9:38  Zergling x2  
  167  9:40  Baneling x3  
  167  9:42  Zergling x6  
  170  9:48  Zergling x10  
  159  9:52  Mutalisk  
  159  9:53  Mutalisk x3  
  159  9:54  Drone  
  159  9:57  Zergling x4  
  159  9:59  Zergling x2  
  163  10:03  Baneling x7  
  163  10:04  Zergling x8  
  167  10:07  Zergling x2  
  167  10:08  Zergling x2  
  167  10:10  Zergling x4  
  167  10:14  Zergling x2  
  167  10:16  Zergling x2  
  167  10:17  Zergling x6  
  167  10:18  Baneling x4  
  167  10:19  Baneling x8  
  168  10:22  Zergling x12  
  168  10:27  Zergling x4  
  157  10:31  Zergling x6  
  146  10:37  Zergling x8, Queen x2  
  146  10:39  Baneling x5  
  146  10:40  Baneling x3  
  146  10:41  Zergling x8  
  156  10:48  Zergling x2  
  156  10:49  Zergling x16  
  152  10:52  Zergling x4, Queen x2  
  152  10:58  Zergling x6  
  152  10:59  Zergling x2  
  152  11:01  Zergling x2  
  152  11:04  Zergling x4  
  148  11:09  Zergling x4  
  148  11:11  Zergling x4  
  144  11:13  Mutalisk x4  
  144  11:15  Zergling x2  
  137  11:19  Zergling x4  
  137  11:20  Zergling x2  
  137  11:25  Mutalisk x2  
  136  11:27  Zergling x14  
  136  11:28  Baneling x9  
  136  11:30  Zergling x2  
  148  11:34  Zergling x2  
  148  11:35  Zergling x4  
  148  11:37  Zergling x4  
  151  11:42  Mutalisk x2  
  151  11:43  Mutalisk x2  
  150  11:50  Zergling x10  
  150  11:53  Mutalisk x3  
  161  11:55  Drone x4  
  161  11:59  Zergling x8  
  167  12:02  Baneling x5  
  167  12:08  Zergling x12  
  170  12:14  Baneling x3  
  170  12:15  Baneling x3  
  171  12:16  Zergling x8  
  171  12:17  Zergling x2  
  176  12:23  Drone x2  
  176  12:24  Drone  
  176  12:25  Drone x2  
  176  12:27  Baneling x8  
  176  12:28  Zergling x4  
  183  12:40  Zergling x14  
  183  12:41  Zergling x14  
  193  12:44  Baneling x8  
  193  12:54  Zergling x12  
  186  13:14  Zergling x16  
  186  13:15  Zergling x26  
  186  13:19  Zergling x6  
Tags
 
Add a new tag
Caveats
  • Supply blocks, unpowered buildings, or Contaminate may cause inaccurate times.
  • Supply counts are checked every 10 seconds.